 Dungeon Crawl Stone Soup version 0.28.0-45-g0d030f2227 (webtiles) character file.

Game seed: 14389965556393938129

31474 McKennaii the Devastator (level 13, -10/79 HPs)
             Began as a Demonspawn Conjurer on Apr 12, 2022.
             Was a High Priest of Sif Muna.
             Mangled by a blink frog (15 damage)
             ... on level 3 of the Lair of Beasts.
             The game lasted 00:32:28 (21835 turns).

McKennaii the Devastator (Demonspawn Conjurer)     Turns: 21835, Time: 00:32:29

Health: -10/79     AC:  9    Str: 10    XL:     13   Next: 26%
Magic:  18/31      EV: 12    Int: 23    God:    Sif Muna [*****.]
Gold:   525        SH:  0    Dex: 11    Spells: 34/41 levels left

rFire   . . .      SeeInvis .   v - staff of conjuration
rCold   . . .      Faith    .   (no shield)
rNeg    . . .      Spirit   .   y - +2 robe {Will+}
rPois   .          Reflect  .   (helmet restricted)
rElec   .          Harm     .   H - +0 cloak
rCorr   .          Rampage  .   K - +0 pair of gloves
Will    +....                   (no boots)
Stlth   ++........              C - amulet of regeneration
HPRegen 3.03/turn               w - ring of wizardry
MPRegen 0.22/turn               (no ring)

@: no status effects
A: horns 1, yellow scales 2, powered by death 3
a: Renounce Religion, Channel Magic, Forget Spell, Divine Exegesis


You were on level 3 of the Lair of Beasts.
You worshipped Sif Muna.
Sif Muna was extremely pleased with you.
You visited 3 branches of the dungeon, and saw 14 of its levels.
You also visited: Ossuary and Bailey.

You collected 945 gold pieces.
You spent 420 gold pieces at shops.

Inventory:

Hand Weapons
 r - a +3 falchion of protection
Armour
 y - a +2 robe of willpower (worn)
 H - a +0 cloak (worn)
 K - a +0 pair of gloves (worn)
Magical Staves
 v - a staff of conjuration (weapon)
Jewellery
 w - a ring of wizardry (left hand)
 C - an amulet of regeneration (around neck)
Wands
 t - a wand of iceblast (9)
 E - a wand of paralysis (4)
 G - a wand of polymorph (7)
Scrolls
 b - 4 scrolls of teleportation
 c - 2 scrolls of amnesia {unknown}
 d - 14 scrolls of identify {unknown}
 h - a scroll of brand weapon {unknown}
 i - 2 scrolls of vulnerability {unknown}
 k - 4 scrolls of magic mapping {unknown}
 m - a scroll of fog {unknown}
 o - 4 scrolls of enchant weapon {unknown}
 p - 2 scrolls of blinking {unknown}
 q - 2 scrolls of enchant armour {unknown}
 x - 2 scrolls of summoning {unknown}
 A - a scroll of fear {unknown}
 D - a scroll of acquirement {unknown}
 F - a scroll of holy word {unknown}
 J - a scroll of torment {unknown}
Potions
 a - 8 potions of flight
 e - 3 potions of brilliance
 f - 4 potions of heal wounds
 g - 3 potions of mutation {unknown}
 j - 3 potions of attraction {unknown}
 l - 8 potions of curing
 n - a potion of degeneration {unknown}
 s - 4 potions of haste
 u - 2 potions of magic {unknown}
 z - a potion of resistance {unknown}
 B - 4 potions of lignification {unknown}
 I - 2 potions of berserk rage {unknown}


   Skills:
 - Level 1.7 Dodging
 - Level 1.7 Stealth
 + Level 14.7 Spellcasting
 + Level 16.3 Conjurations
 + Level 4.4 Invocations


You had 34 spell levels left.
You knew the following spells:

 Your Spells              Type           Power      Damage    Failure   Level
a - Magic Dart            Conj           100%       1d8       0%          1
b - Searing Ray           Conj           100%       2d8       0%          2
c - Iskenderun's Mystic   Conj/Tloc      69%        2d14      1%          4

Your spell library contained the following spells:

 Spells                   Type           Power      Damage    Failure   Level
 Animate Skeleton         Necr           32%        N/A       1%          1
 Beastly Appendage        Tmut           32%        N/A       1%          1
 Pain                     Necr           64%        1d7       1%          1
 Sandblast                Erth           32%        2d9       1%          1
 Dazzling Flash           Conj/Hex       100%       N/A       1%          3
 Mephitic Cloud           Conj/Pois/Air  58%        N/A       1%          3
 Stone Arrow              Conj/Erth      100%       3d13      1%          3
 Fulminant Prism          Conj/Hex       34%        3d16      1%          4
 Hailstorm                Conj/Ice       69%        3d14      1%          4
 Call Imp                 Summ           16%        N/A       2%          2
 Passwall                 Tmut/Erth      13%        N/A       2%          2
 Wereblood                Tmut           16%        N/A       2%          2
 Frozen Ramparts          Ice            32%        1d5       4%          3
 Inner Flame              Hex/Fire       16%        N/A       4%          3
 Ozocubu's Armour         Ice            16%        N/A       4%          3
 Spider Form              Tmut/Pois      16%        N/A       4%          3
 Vampiric Draining        Necr           16%        2d7       4%          3
 Animate Dead             Necr           8%         N/A       14%         4
 Cause Fear               Hex            8%         N/A       14%         4
 Ice Form                 Ice/Tmut       16%        N/A       14%         4
 Summon Ice Beast         Ice/Summ       16%        N/A       14%         4
 Borgnjor's Vile Clutch   Necr/Erth      8%         N/A       34%         5
 Metabolic Englaciation   Hex/Ice        8%         N/A       34%         5
 Death Channel            Necr           8%         N/A       88%         6
 Simulacrum               Ice/Necr       8%         N/A       88%         6
 Ozocubu's Refrigeration  Ice            8%         4d6       100%        7
 Discord                  Hex            8%         N/A       100%        8


Dungeon Overview and Level Annotations

Branches:
Dungeon (10/15)            Temple (1/1) D:4            Lair (3/6) D:8
  Swamp (0/4) Lair:2       Spider (0/4) Lair:2          Orc (0/2) D:9
Ossuary (visited)          Bailey (visited)

Altars:
Ashenzari
Cheibriados
Dithmenos
Elyvilon
Fedhas
Hepliaklqana
Kikubaaqudgha
Makhleb
Nemelex Xobeh
Sif Muna
Trog
Uskayaw
Wu Jian
Xom
Yredelemnul
Zin
The Shining One

Shops:
D:7 *   D:9 !

Annotations:
D:10 2 transporters, 4FPSwarrior's ghost, journeyman VSEn


Innate Abilities, Weirdness & Mutations

You have a pair of small horns on your head.
You are mostly covered in yellow scales. (AC +3)
You regenerate a lot of health from kills.


Message History

The mystic blast hits the death yak!!
The death yak is heavily wounded.
The death yak is knocked back by the mystic blast.
The mystic blast hits the death yak!
The death yak is lightly wounded.
The death yak is knocked back by the mystic blast.
The death yak slams into the rock wall!
The death yak is lightly wounded.
Unknown command.
Unknown command.
The death yak gores you!
The blink frog blinks!
Unknown command.
Casting: Iskenderun's Mystic Blast (mildly dangerous; 1% risk of failure)
Confirm with . or Enter, or press ? or * to list all spells.
You feel a surge of power!
You erupt in a blast of force!
The mystic blast hits the death yak!
The death yak is lightly wounded.
The death yak is knocked back by the mystic blast.
The death yak collides with the death yak!
The death yak is heavily wounded.
The mystic blast hits the death yak.
The death yak is moderately wounded.
The death yak is knocked back by the mystic blast.
The mystic blast hits the death yak but does no damage.
The death yak is lightly wounded.
The mystic blast hits the death yak!
The death yak is moderately wounded.
The death yak gores you!! The death yak gores you!
* * * LOW HITPOINT WARNING * * *
Unknown command.
Unknown command.
Unknown command.
The death yak gores you!
* * * LOW HITPOINT WARNING * * *
The death yak snorts and paws the ground.
The blink frog blinks!
The blink frog closely misses you. The death yak gores you!
* * * LOW HITPOINT WARNING * * *
The blink frog hits you!
You die...

#....# #........ ### ###
##....# #......# ##.#
#.####.....####..F..### ##...
##.#.........##.....#.###....
##.....##..##..>......#.....
##.....####..Y.Y.†...........
##....### #..Y.YY............
###....###
#...Y####..........
#.##.....#####.@F##
#...........
##.#....##.##..P##
#...........
###............##
#...........
#...............#
#...........
##P.............#
##.##..##... #.P...........##
##########. ###...........P#
## #............# #
#.......(....#


You could see 6 death yaks and 2 blink frogs.

Vanquished Creatures
  Harold (Lair:2)
  3 hydras
  3 two-headed ogres
  5 death yaks
  A sixfirhy (D:8)
  2 oklob plants (Lair:1)
  3 orc knights (Bailey)
  A wolf spider (Lair:2)
  Joseph (D:7)
  4 elephants (Lair:2)
  3 black mambas
  3 cane toads
  A rime drake (Lair:3)
  3 komodo dragons
  2 hornets (D:9)
  A troll (D:9)
  A polar bear (Lair:1)
  5 dream sheep (Lair:1)
  A blink frog (Lair:3)
  A culicivora (Lair:2)
  A wraith (D:10)
  2 vampires
  2 wyverns
  38 yaks
  Grum (D:10)
  5 basilisks
  3 redbacks (Lair:2)
  Edmund (D:6)
  An acid dragon (D:9)
  9 water moccasins
  Duvessa (D:7)
  A hornet zombie (D:6)
  2 ice beasts
  12 orc warriors
  2 black bears
  6 ogres
  12 wolves
  2 centaurs
  3 lemures (D:6)
  4 kobold brigands
  4 gnoll sergeants
  6 bullfrogs
  9 scorpions
  4 killer bees (D:9)
  Dowan (D:7)
  17 wights
  A centaur zombie (Ossuary)
  2 hounds
  4 human zombies (Ossuary)
  3 orc priests
  A centaur skeleton (D:7)
  Ijyb (D:3)
  2 scorpion zombies (Ossuary)
  Jessica (D:2)
  2 iguanas
  4 hell rats
  2 killer bee zombies
  A hound zombie (D:5)
  3 mummies (Ossuary)
  Robin (D:4)
  3 howler monkey zombies
  6 gnolls
  9 adders
  2 white imps
  An ufetubus (D:5)
  5 worms
  7 dart slugs
  40 orcs
  9 ball pythons
  6 endoplasms
  3 giant cockroaches
  2 gnoll zombies (Ossuary)
  13 goblins
  10 hobgoblins
  3 jackals (D:1)
  15 kobolds
  A quokka (D:3)
  6 bats
  4 frilled lizards
  3 goblin zombies (Ossuary)
  3 hobgoblin zombies (Ossuary)
  2 kobold zombies (Ossuary)
  3 orc zombies (Ossuary)
  5 rats
383 creatures vanquished.

Vanquished Creatures (others)
  13 fungi
  21 plants
34 creatures vanquished.

Grand Total: 417 creatures vanquished

Notes
Turn   | Place    | Note
-------+----------+-------------------------------------------
     0 | D:1      | McKennaii the Demonspawn Conjurer began the quest for the
                  | Orb.
     0 | D:1      | Reached XP level 1. HP: 13/13 MP: 3/3
   412 | D:1      | Gained mutation: You have a pair of small horns on your
                  | head. [demonic ancestry]
   412 | D:1      | Reached XP level 2. HP: 8/19 MP: 0/5
   928 | D:1      | Gained mutation: You regenerate a little health from kills.
                  | [demonic ancestry]
   928 | D:1      | Reached XP level 3. HP: 17/24 MP: 1/7
  1938 | D:2      | Gained mutation: You are partially covered in yellow
                  | scales. (AC +2) [demonic ancestry]
  1938 | D:2      | Reached XP level 4. HP: 14/30 MP: 1/8
  2197 | D:2      | Reached skill level 5 in Conjurations
  2356 | D:2      | Noticed Jessica
  2359 | D:2      | Killed Jessica
  2617 | D:3      | Noticed an ogre
  2639 | D:2      | Learned a level 2 spell: Searing Ray
  2749 | D:3      | Killed an ogre
  2750 | D:3      | Gained mutation: You regenerate health from kills. [demonic
                  | ancestry]
  2750 | D:3      | Reached XP level 5. HP: 16/35 MP: 1/11
  2778 | D:3      | Noticed Ijyb
  3088 | D:3      | Killed Ijyb
  3461 | D:3      | Reached XP level 6. HP: 41/41 MP: 7/12
  3735 | D:3      | Found a hide-covered altar of Uskayaw.
  3770 | D:3      | Found a faded altar of an unknown god.
  3857 | D:4      | Found a staircase to the Ecumenical Temple.
  3870 | Temple   | Entered the Ecumenical Temple
  3939 | Temple   | Became a worshipper of Sif Muna the Loreminder
  3998 | D:4      | Noticed Robin
  4032 | D:3      | Reached skill level 6 in Conjurations
  4225 | D:4      | Found a sand-covered staircase.
  4266 | Ossuary  | Entered an ossuary
  4427 | Ossuary  | Reached * piety under Sif Muna
  4428 | Ossuary  | Reached skill level 5 in Spellcasting
  4504 | Ossuary  | Reached XP level 7. HP: 36/46 MP: 4/14
  5010 | Ossuary  | Reached skill level 7 in Conjurations
  5630 | Ossuary  | Gained mutation: You regenerate a lot of health from kills.
                  | [demonic ancestry]
  5630 | Ossuary  | Reached XP level 8. HP: 50/52 MP: 7/17
  5843 | D:4      | Killed Robin
  6067 | D:4      | Found a shadowy altar of Dithmenos.
  6143 | D:4      | Reached skill level 8 in Conjurations
  6385 | D:5      | Entered Level 5 of the Dungeon
  6418 | D:5      | Reached ** piety under Sif Muna
  6552 | D:5      | Learned a level 4 spell: Iskenderun's Mystic Blast
  7187 | D:5      | Found a burning altar of Makhleb.
  7195 | D:5      | Noticed a cacodemon
  7198 | D:5      | Noticed a hellwing
  7641 | D:6      | Reached skill level 9 in Conjurations
  8222 | D:6      | Reached XP level 9. HP: 35/57 MP: 14/20
  8330 | D:6      | Noticed Edmund
  8339 | D:6      | Killed Edmund
  8995 | D:7      | Found Xofalat's Profane Products.
  9091 | D:7      | Noticed Joseph
  9100 | D:7      | Killed Joseph
  9101 | D:7      | Reached skill level 10 in Conjurations
  9307 | D:7      | Reached *** piety under Sif Muna
  9439 | D:7      | Noticed Duvessa
  9439 | D:7      | Noticed Dowan
  9447 | D:7      | Killed Duvessa
  9448 | D:7      | Killed Dowan
 10167 | D:8      | Noticed an eight-headed hydra
 10175 | D:8      | Killed an eight-headed hydra
 10176 | D:8      | Reached skill level 11 in Conjurations
 10176 | D:8      | Reached XP level 10. HP: 63/63 MP: 6/23
 10339 | D:8      | Found a broken altar of Ashenzari.
 10344 | D:8      | Saw a vision of the Swamp and the Spider Nest.
 10344 | D:8      | Noticed a wolf spider
 10344 | D:8      | Noticed a goliath frog
 10422 | D:8      | Noticed a sixfirhy
 10506 | D:8      | Found a flagged portal.
 10519 | Bailey   | Entered a bailey
 11013 | Bailey   | Noticed an orc knight
 11051 | Bailey   | Noticed an orc knight
 11054 | Bailey   | Noticed an orc knight
 11129 | Bailey   | Reached skill level 10 in Spellcasting
 11220 | Bailey   | Killed an orc knight
 11467 | Bailey   | Killed an orc knight
 11470 | Bailey   | Identified the +9 tower shield of Ysegh {rPois}
 11632 | Bailey   | Killed an orc knight
 11633 | Bailey   | Reached skill level 12 in Conjurations
 11892 | D:8      | Found a staircase to the Lair.
 12226 | D:8      | Found a runed translucent door.
 12619 | D:8      | Killed a sixfirhy
 12768 | D:9      | Gained mutation: You are mostly covered in yellow scales.
                  | (AC +3) [demonic ancestry]
 12768 | D:9      | Reached XP level 11. HP: 68/68 MP: 5/26
 12917 | D:9      | Found Kerit's Distillery.
 12925 | D:9      | Bought a potion of curing for 42 gold pieces
 12925 | D:9      | Bought a potion of heal wounds for 70 gold pieces
 12925 | D:9      | Bought a potion of haste for 140 gold pieces
 12925 | D:9      | Bought a potion of heal wounds for 70 gold pieces
 12925 | D:9      | Bought a potion of brilliance for 56 gold pieces
 12925 | D:9      | Bought a potion of flight for 42 gold pieces
 12961 | D:9      | Reached **** piety under Sif Muna
 12986 | D:9      | Noticed a two-headed ogre
 12994 | D:9      | Paralysed by a hornet for 2 turns
 12996 | D:9      | Noticed a two-headed ogre
 12997 | D:9      | HP: 1/68 [two-headed ogre/+0 dire flail of protection (21)]
 13002 | D:9      | Found an ornate altar of the Wu Jian Council.
 13449 | D:9      | Noticed a five-headed hydra
 13456 | D:9      | Killed a five-headed hydra
 13457 | D:9      | Reached skill level 13 in Conjurations
 13584 | D:9      | Found a staircase to the Orcish Mines.
 13879 | D:9      | Killed a two-headed ogre
 14064 | D:9      | Killed a two-headed ogre
 14832 | D:10     | Entered Level 10 of the Dungeon
 14877 | D:10     | Noticed Grum
 14884 | D:10     | Killed Grum
 14887 | D:10     | Noticed a skeletal warrior
 15404 | D:10     | Reached skill level 14 in Conjurations
 15453 | D:10     | Noticed a two-headed ogre
 15455 | D:10     | Noticed 4FPSwarrior's ghost (journeyman VSEn)
 15455 | D:10     | Noticed a two-headed ogre
 15458 | D:10     | Found a bloodstained altar of Trog.
 15466 | D:10     | Noticed a tengu warrior
 15477 | D:10     | Killed a two-headed ogre
 15549 | D:10     | Found a transporter.
 15577 | D:10     | Found a transporter.
 15658 | Lair:1   | Entered Level 1 of the Lair of Beasts
 16094 | Lair:1   | Reached XP level 12. HP: 57/74 MP: 16/28
 16465 | Lair:1   | Found a blossoming altar of Fedhas.
 17192 | Lair:2   | Noticed an eight-headed hydra
 17340 | Lair:2   | Reached skill level 15 in Conjurations
 17825 | Lair:2   | Noticed a death yak
 17832 | Lair:2   | Noticed a death yak
 17832 | Lair:2   | Noticed a death yak
 17834 | Lair:2   | Killed a death yak
 17834 | Lair:2   | Noticed a death yak
 17866 | Lair:2   | Noticed a death yak
 18224 | Lair:1   | Killed a death yak
 18356 | Lair:1   | Killed a death yak
 18418 | Lair:1   | Killed a death yak
 18565 | Lair:2   | Killed a death yak
 19013 | Lair:2   | Reached ***** piety under Sif Muna
 19154 | Lair:2   | Killed an eight-headed hydra
 19341 | Lair:2   | Found a staircase to the Swamp.
 19411 | Lair:2   | Received a gift from Sif Muna
 19643 | Lair:2   | Noticed Harold
 19659 | Lair:2   | Killed Harold
 19660 | Lair:2   | Reached skill level 16 in Conjurations
 19660 | Lair:2   | Reached skill level 1 in Invocations
 19660 | Lair:2   | Reached XP level 13. HP: 78/79 MP: 5/31
 19981 | Lair:2   | Found a hole to the Spider Nest.
 21834 | Lair:3   | HP: 2/79 [death yak (7)]
 21835 | Lair:3   | Mangled by a blink frog

Illustrated notes

Levels and vault maps discovered:
D:1:      dpeg_arrival_rooms_a, layout_loops_cross
D:2:      layout_loops_ring, uniq_jessica
D:3:      layout_rooms, nicolae_uskayaw_suspiria,
          shapermc_ecumenical_altar_mp_highgroup, uniq_ijyb
D:4:      layout_rooms, grunt_dithmenos_smoke_and_mirrors,
          minmay_temple_entry_stoned_glass, enter_ossuary_1, uniq_robin
D:5:      layout_gridville, makhleb_altar_promises_db
D:6:      layout_gridville, uniq_edmund, uniq_pikel
D:7:      layout_loops_ring, st_stairs_6, hellmonk_bongcloud_opening,
          nicolae_evil_shop, uniq_duvessa, uniq_joseph
D:8:      cheibrodos_shockbox, layout_gridville, tso_metal_star,
          grunt_ashenzari_visionary [grunt_ashenzari_visionary_swamp,
          grunt_ashenzari_visionary_spider], lair_entry_dummy, enter_bailey_2,
          serial_glass, glass_columns_a, glass_columns_a, glass_columns_b,
          glass_columns_a, glass_columns_a, glass_columns_a
D:9:      layout_long_grid, amcnicky_altar_gilded,
          kennysheep_orc_monster_closet_entryway, serial_shops,
          nicolae_shop_competitors_out_of_business,
          minmay_fractal_squares_diagonal_5
D:10:     layout_stronghold, nicolae_qazlal_general_emergency,
          gammafunk_ghost_wrathful_warriors, minmay_guarded_unrand_finisher,
          uniq_grum
Temple:   regret_index_temple_waves
Lair:1:   layout_chaotic_city, hangedman_tree_tricks, serial_bayou_shore_a,
          infiniplex_staircase_pool
Lair:2:   layout_cave_pods, swamp_mist_pool, spider_nest_entry_funnel_web,
          minivault_11, lemuel_fruit_tree, grunt_megastairs_2,
          serial_bayou_shore_b, uniq_harold
Lair:3:   layout_cave_pods

Skill      XL: |  1  2  3  4  5  6  7  8  9 10 11 12 13 |
---------------+----------------------------------------+-----
Spellcasting   | 3 4 5 6 7 9 11 12 14 | 14.7
Conjurations   | 5 6 7 9 11 12 14 16 | 16.3
Invocations    | 1 4 |  4.4
Dodging        | |  1.7
Stealth        | |  1.7

Action                   |  1- 3 |  4- 6 |  7- 9 | 10-12 | 13-15 || total
-------------------------+-------+-------+-------+-------+-------++-------
Melee: Unarmed           |    21 |    51 |     2 |       |       ||    74
       Headbutt          |     1 |    10 |     5 |    19 |     4 ||    39
       Staff             |       |       |    17 |    28 |    15 ||    60
       Falchion          |       |       |     5 |    33 |       ||    38
       Punch             |       |       |       |     1 |       ||     1
 Cast: Magic Dart        |    89 |   131 |   218 |   296 |    98 ||   832
       Searing Ray       |       |     9 |    41 |    75 |       ||   125
       Iskenderun's Myst |       |       |    11 |   177 |    46 ||   234
Evoke: Wand              |       |       |       |    14 |       ||    14
  Use: Scroll            |       |       |       |     3 |       ||     3
       Potion            |       |       |       |     3 |       ||     3
Armor: Robe              |     1 |    33 |    42 |    95 |    16 ||   187
Dodge: Dodged            |    22 |    58 |    86 |   205 |    41 ||   412
